 Dungeon Crawl Stone Soup version 0.28-a0-533-g9f97627e2a (webtiles) character file.

Game seed: 11716740280392722268

839 speeev33 the Skirmisher (level 8, -3/51 HPs)
             Began as a Gargoyle Fighter on Sept 26, 2021.
             Was an Initiate of Okawaru.
             Slain by Prince Ribbit (10 damage)
             ... on level 4 of the Dungeon.
             The game lasted 00:08:00 (5918 turns).

speeev33 the Skirmisher (Gargoyle Fighter)          Turns: 5918, Time: 00:08:01

Health: -3/51      AC: 19    Str: 21    XL:     8   Next: 0%
Magic:  8/8        EV:  6    Int: 10    God:    Okawaru [......]
Gold:   1002       SH:  8    Dex:  9    Spells: 7/7 levels left

rFire   . . .      SeeInvis .   a - +1 flail
rCold   . . .      Faith    .   d - +0 kite shield
rNeg    + . .      Spirit   .   i - +0 chain mail
rPois   ∞          Reflect  .   (no helmet)
rElec   +          Harm     .   m - +1 cloak
rCorr   +          Rampage  .   b - +0 pair of gloves of Failure {rCorr}
Will    +....                   (no boots)
Stlth   ..........              j - amulet of the acrobat
HPRegen 0.17/turn               c - ring of willpower
MPRegen 0.11/turn               (no ring)

@: hasted, very quick
A: sickness immunity, AC +5, negative energy resistance 1, electricity
resistance, torment resistance 1, petrification resistance
a: Renounce Religion


You were on level 4 of the Dungeon.
You worshipped Okawaru.
Okawaru was noncommittal.
You visited 2 branches of the dungeon, and saw 6 of its levels.

You collected 1002 gold pieces.

Inventory:

Hand Weapons
 a - a +1 flail (weapon)
Armour
 b - the +0 pair of gloves of Failure (worn) {rCorr}
   (You acquired it on level 2 of the Dungeon)

   rCorr:     It protects you from acid and corrosion.
 d - a +0 kite shield (worn)
 i - a +0 chain mail (worn)
 m - a +1 cloak (worn)
Jewellery
 c - a ring of willpower (left hand)
 j - an amulet of the acrobat (around neck)
Wands
 o - a wand of iceblast (4)
Scrolls
 f - 2 scrolls of vulnerability
 g - a scroll of magic mapping
 q - 2 scrolls of teleportation
Potions
 e - a potion of flight
 h - 2 potions of mutation
 l - 2 potions of heal wounds {unknown}
 n - a potion of ambrosia {unknown}
 p - a potion of brilliance {unknown}


   Skills:
 + Level 6.0 Fighting
 + Level 4.6 Maces & Flails
 + Level 5.8 Armour
 + Level 5.5 Shields


You had 7 spell levels left.
You didn't know any spells.
Your spell library contained the following spells:

 Spells                   Type           Power      Damage    Failure   Level
 Scorch                   Fire           0%         2d5       100%        2
 Dazzling Flash           Conj/Hex       0%         N/A       100%        3
 Portal Projectile        Hex/Tloc       0%         N/A       100%        3
 Flame Wave               Conj/Fire      0%         3d3       100%        4
 Iskenderun's Mystic Bla  Conj/Tloc      0%         2d3       100%        4
 Blade Hands              Tmut           0%         N/A       100%        5
 Excruciating Wounds      Necr           0%         N/A       100%        5
 Starburst                Conj/Fire      0%         6d3       100%        6
 Summon Cactus Giant      Summ           Unusable   N/A       N/A         6

Dungeon Overview and Level Annotations

Branches:
Dungeon (5/15)             Temple (1/1) D:4

Altars:
Fedhas
Gozag
Hepliaklqana
Makhleb
Nemelex Xobeh
Okawaru
Qazlal
Ru
Wu Jian
Xom
Yredelemnul
Zin

Shops:
D:3 ?

Annotations:
D:4 Prince Ribbit
D:5 Ijyb


Innate Abilities, Weirdness & Mutations

You are immune to sickness and miasma.
Your stone body is resilient. (AC +5)
You are immune to poison.
You resist negative energy. (rN+)
You are resistant to electric shocks. (rElec)
You are resistant to unholy torment.
You are immune to petrification.


Message History

Prince Ribbit blinks!
The adder bites you.
* * * LOW HITPOINT WARNING * * *
The adder bites you but does no damage.
You barely miss the adder. The adder bites you.
* * * LOW HITPOINT WARNING * * *
You closely miss the adder. The adder bites you but does no damage.
Prince Ribbit blinks!
The adder bites you but does no damage.
Your shield and chain mail prevent you from hitting the adder.
The adder bites you but does no damage. The adder bites you.
* * * LOW HITPOINT WARNING * * *
You sock the adder!
The adder is severely wounded.
Prince Ribbit blinks!
You block the adder's attack. The adder bites you but does no damage.
You block the adder's attack. You block the adder's attack.
The adder completely misses you.
There is a stone staircase leading down here.
The adder bites you.
* * * LOW HITPOINT WARNING * * *
You barely miss the adder.
The adder is severely wounded.
You block the adder's attack. The adder barely misses you.
You sock the adder!
You kill the adder!
Okawaru accepts your kill.
Prince Ribbit blinks!
You have reached level 8!
You feel clever.
You feel yourself speed up.
You see here an adder corpse.
There is a stone staircase leading down here.
Prince Ribbit blinks!
Prince Ribbit blinks!
Prince Ribbit blinks!
You hit Prince Ribbit.
Prince Ribbit is heavily wounded.
Prince Ribbit hops awkwardly around.
Prince Ribbit hits you!
You die...

#.# ###...##. #§#
###.... #######.# #.##.
#......§# ####### #....
#.#####.# #.....# #....
#.##...§# #.....###....
#.##.##.# #..#.........
#.##.##.# #.....###....
#......@####..[..#
##..#
#......F##....<..# #.##
#.##.##.##.#####.# #.#
#.##.#..).)#####.####.#
#.##.....#.##.........#
#.####...#.##.##.######
#.............##.#
######.###.......#
#.###.####### ##


You could see Prince Ribbit.

Vanquished Creatures
  Menkaure (D:3)
  Duvessa (D:4)
  A sky beast (D:4)
  An ogre (D:2)
  Dowan (D:2)
  4 crimson imps (D:3)
  Crazy Yiuf (D:3)
  Jessica (D:3)
  Natasha (thrice) (D:3 D:2)
  An iguana (D:4)
  A hound skeleton (D:4)
  5 adders
  An ufetubus (D:4)
  An adder skeleton (D:4)
  2 worms
  2 dart slugs (D:2)
  2 orcs (D:3)
  8 ball pythons
  8 bats
  7 endoplasms
  4 giant cockroaches
  6 goblins
  14 hobgoblins
  13 kobolds
  2 quokkas
  3 frilled lizards
  5 rats
99 creatures vanquished.

Vanquished Creatures (others)
  A fungus (D:3)
1 creature vanquished.

Grand Total: 100 creatures vanquished

Notes
Turn   | Place    | Note
-------+----------+-------------------------------------------
     0 | D:1      | speeev33 the Gargoyle Fighter began the quest for the Orb.
     0 | D:1      | Reached XP level 1. HP: 14/14 MP: 1/1
   608 | D:1      | Reached XP level 2. HP: 19/19 MP: 2/2
  1065 | D:1      | Reached XP level 3. HP: 19/23 MP: 3/3
  1855 | D:2      | Noticed an ogre
  1860 | D:2      | Reached XP level 4. HP: 29/29 MP: 4/4
  1865 | D:2      | Killed an ogre
  1866 | D:2      | Reached skill level 4 in Fighting
  1866 | D:2      | Reached XP level 5. HP: 34/34 MP: 5/5
  1906 | D:2      | Identified a scroll of acquirement
  1906 | D:2      | Acquired the +0 pair of gloves of Failure {rCorr}
  2081 | D:3      | Found Umuemisu's Magic Scroll Emporium.
  2126 | D:3      | Found a faded altar of an unknown god.
  2409 | D:3      | Found a shimmering altar of Xom.
  2930 | D:3      | Noticed Jessica
  2930 | D:3      | Noticed Natasha
  2949 | D:3      | Killed Natasha
  2950 | D:3      | Reached XP level 6. HP: 36/40 MP: 6/6
  2978 | D:3      | Killed Jessica
  3075 | D:3      | Found a runed translucent door.
  3076 | D:3      | Noticed Crazy Yiuf
  3200 | D:3      | Noticed Natasha
  3448 | D:3      | Killed Natasha
  3449 | D:3      | Reached skill level 5 in Fighting
  3537 | D:3      | Noticed Natasha
  3596 | D:2      | Killed Natasha
  3937 | D:3      | Reached skill level 5 in Armour
  4047 | D:3      | Reached XP level 7. HP: 43/44 MP: 7/7
  4159 | D:3      | Killed Crazy Yiuf
  4324 | D:4      | Noticed Duvessa
  4324 | D:4      | Noticed Menkaure
  4326 | D:4      | Noticed Dowan
  4524 | D:4      | Killed Duvessa
  4628 | D:2      | Killed Dowan
  4629 | D:2      | Reached skill level 5 in Shields
  4726 | D:3      | Killed Menkaure
  4892 | D:4      | Acquired 818 gold pieces
  4903 | D:4      | Found a staircase to the Ecumenical Temple.
  4929 | Temple   | Entered the Ecumenical Temple
  5020 | Temple   | Became a worshipper of Warmaster Okawaru
  5867 | D:5      | Entered Level 5 of the Dungeon
  5867 | D:5      | Noticed Ijyb
  5867 | D:5      | Noticed Prince Ribbit
  5884 | D:4      | Reached skill level 6 in Fighting
  5907 | D:4      | Reached XP level 8. HP: 6/51 MP: 8/8
  5918 | D:4      | Slain by Prince Ribbit

Illustrated notes

Levels and vault maps discovered:
D:1:      dpeg_arrival_arbitrary_a, layout_loops_ring, serial_aquarium,
          aquarium_bridge_square [aquarium_subvault_bridge,
          aquarium_subvault_wall, aquarium_subvault_balcony,
          aquarium_subvault_bridge], aquarium_window_corner,
          aquarium_window_fake, aquarium_window_1, aquarium_window_1,
          aquarium_view_2d, aquarium_pool_corner
D:2:      layout_rooms, minmay_joined_circles
D:3:      layout_basic, led_xom_imps, hellmonk_ecumenical_altar_lost_god,
          serial_shops, nicolae_lakefront_shop, uniq_jessica, uniq_natasha,
          uniq_crazy_yiuf_cottage
D:4:      layout_loops_cross, minmay_temple_entry_slanted, uniq_duvessa,
          uniq_menkaure
D:5:      layout_gridville, uniq_ijyb, uniq_prince_ribbit1
Temple:   minmay_temple_curvy_loop

Skill      XL: |  1  2  3  4  5  6  7 |
---------------+----------------------+-----
Fighting       | 4 5 6 |  6.0
Maces & Flails | 3 4 |  4.6
Armour         | 4 5 |  5.8
Shields        | 4 5 |  5.5

Action                   |  1- 3 |  4- 6 |  7- 9 || total
-------------------------+-------+-------+-------++-------
Melee: Flail             |   135 |   253 |    93 ||   481
  Use: Scroll            |     4 |     2 |     7 ||    13
       Potion            |       |     2 |     1 ||     3
Armor: Scale mail        |    33 |       |       ||    33
       Chain mail        |    58 |   192 |    70 ||   320
Dodge: Dodged            |    46 |    84 |    30 ||   160
Block: Buckler           |    31 |     3 |       ||    34
       Kite shield       |       |   135 |    55 ||   190

Table legend: (Time is in decaauts)
 A = Elapsed time spent in this place.
 B = Non-inter-level travel time spent in this place.
 C = Inter-level travel time spent in this place.
 D = Time resting spent in this place.
 E = Time spent auto-exploring this place.
 F = Levels seen in this place.
 G = Mean time per level.
                   A        B        C        D        E       F      G
               +--------+--------+--------+--------+--------+-----+--------+
         Total |   6081 |   5886 |    195 |   1504 |   3026 |   6 | 1013.5 |
       Dungeon |   5846 |   5678 |    168 |   1504 |   2833 |   5 | 1169.2 |
        Temple |    234 |    207 |     27 |      0 |    193 |   1 |  234.0 |
               +--------+--------+--------+--------+--------+-----+--------+

Top non-repeatable levels by time:
     D:2: 1758 daAuts
     D:3: 1740 daAuts
     D:1: 1354 daAuts
     D:4: 986 daAuts
  Temple: 234 daAuts
     D:5: 6 daAuts
